 Dungeon Crawl Stone Soup version 0.28-a0-863-g8cecda6153 (webtiles) character file.

Game seed: 18067791744237215540

788 mandarbmax the Skirmisher (level 7, -3/70 (78) HPs)
             Began as an Ogre Gladiator on Nov 18, 2021.
             Was a Follower of Okawaru.
             Slain by a gnoll shaman (7 damage)
             ... on level 5 of the Dungeon.
             The game lasted 00:08:44 (5858 turns).

mandarbmax the Skirmisher (Ogre Gladiator)          Turns: 5858, Time: 00:08:45

HP:   -3/70 (78)    AC:  3    Str: 19    XL:     7   Next: 87%
MP:   5/7           EV: 12    Int:  9    God:    Okawaru [*.....]
Gold: 156           SH:  0    Dex: 12    Spells: 6/6 levels left

rFire   . . .      SeeInvis .   a - +0 quarterstaff
rCold   . . .      Faith    .   (shield currently unavailable)
rNeg    . . .      Spirit   .   b - +0 robe
rPois   .          Reflect  .   c - +0 hat
rElec   .          Harm     .   i - scarf {+Inv}
rCorr   .          Rampage  .   (gloves unavailable)
Will    .....                   (boots unavailable)
Stlth   +.........              (no amulet)
HPRegen 0.21/turn               (no ring)
MPRegen 0.10/turn               (no ring)

@: mighty, lit by a corona, heroic, glowing, heavily drained
A: large, unfitting armour, tough skin 1
a: Renounce Religion, Evoke Invisibility, Heroism


You were on level 5 of the Dungeon.
You worshipped Okawaru.
Okawaru was aware of your devotion.
You visited 1 branch of the dungeon, and saw 5 of its levels.

You collected 222 gold pieces.
You spent 66 gold pieces at shops.

Inventory:

Hand Weapons
 a - a +0 quarterstaff (weapon)
Missiles
 d - 2 throwing nets
 m - 7 poisoned darts (quivered)
Armour
 b - a +0 robe (worn)
 c - a +0 hat (worn)
 i - a scarf of invisibility (worn)
 o - a +0 kite shield
Jewellery
 g - a +6 ring of dexterity
 u - a ring of flight
Scrolls
 e - a scroll of immolation
 f - a scroll of holy word
 h - 2 scrolls of vulnerability {unknown}
 j - a scroll of fog
 l - a scroll of teleportation
 p - 2 scrolls of enchant weapon {unknown}
 q - a scroll of fear {unknown}
 r - a scroll of amnesia {unknown}
 t - a scroll of blinking {unknown}
Potions
 n - a potion of flight {unknown}


   Skills:
 + Level 7.0(12.0) Fighting
 + Level 5.7(10.7) Staves
 - Level 2.0(7.0) Throwing
 - Level 3.0(8.0) Dodging
 + Level 3.6 Evocations


You had 6 spell levels left.
You didn't know any spells.
Your spell library contained the following spells:

 Spells                   Type           Power      Damage    Failure   Level
 Magic Dart               Conj           0%         1d3       38%         1
 Mephitic Cloud           Conj/Pois/Air  0%         N/A       77%         3
 Call Imp                 Summ           Unusable   N/A       N/A         2

Dungeon Overview and Level Annotations

Branches:
Dungeon (5/15)             Temple (0/1) D:5

Altars:
Dithmenos
Hepliaklqana
Okawaru
Sif Muna
Wu Jian

Shops:
D:1 !   D:2 !


Innate Abilities, Weirdness & Mutations

You are too large for most types of armour.
You have tough skin. (AC +1)


Message History

The gnoll shaman prays to its god.
The gnoll shaman is healed somewhat.
The gnoll closely misses you.
You hit the gnoll shaman.
The gnoll shaman is heavily wounded.
The gnoll hits you from afar with a +0 spear.
The gnoll shaman closely misses you.
You closely miss the gnoll shaman.
The gnoll shaman is heavily wounded.
The gnoll hits you from afar with a +0 spear.
The gnoll shaman utters an invocation to its god.
The gnoll shaman is healed somewhat.
The gnoll hits you from afar with a +0 spear.
You hit the gnoll shaman but do no damage.
The gnoll shaman is moderately wounded.
The gnoll hits you from afar with a +0 spear.
The gnoll shaman hits you with a +0 club!
You hit the gnoll shaman.
The gnoll shaman is heavily wounded.
The gnoll hits you from afar with a +0 spear.
The gnoll shaman hits you with a +0 club.
The gnoll hits you from afar with a +0 spear!
You hit the gnoll shaman.
The gnoll shaman is severely wounded.
The gnoll hits you from afar with a +0 spear.
The gnoll shaman hits you with a +0 club.
* * * LOW HITPOINT WARNING * * *
Okay, then.
You gain the combat prowess of a mighty hero.
The gnoll misses you.
You feel very mighty all of a sudden.
The gnoll hits you from afar with a +0 spear.
* * * LOW HITPOINT WARNING * * *
The gnoll shaman barely misses you.
The gnoll hits you from afar with a +0 spear.
* * * LOW HITPOINT WARNING * * *
Unknown command.
The gnoll hits you with a +0 spear.
* * * LOW HITPOINT WARNING * * *
The gnoll shaman hits you with a +0 club!
You die...

#.# ##..## ##.## ##..##
#...# ##..## #
##...###..##
####........##
........<...# .
............# ...
######......########(..(.
##...[.....@g((.....
##.......g#########
##..###### #### ######
.#...# ..#..### #..#.._#
.#..#.##


You could see a gnoll shaman (poisoned) and a gnoll (fast).

Vanquished Creatures
  Menkaure (D:5)
  2 scorpions
  A water moccasin zombie (D:5)
  A water moccasin skeleton (D:4)
  A bullfrog skeleton (D:5)
  2 hounds
  A jelly (D:5)
  A centaur skeleton (D:5)
  3 iguanas
  A hound skeleton (D:4)
  11 gnolls (D:5)
  2 adders
  A shadow imp (D:4)
  A white imp (D:5)
  An adder zombie (D:5)
  2 orcs
  10 ball pythons
  4 endoplasms
  6 giant cockroaches
  5 goblins
  9 hobgoblins
  2 kobolds
  3 quokkas
  3 bats
  2 frilled lizards
  10 rats
86 creatures vanquished.

Vanquished Creatures (others)
  6 plants (D:4)
6 creatures vanquished.

Grand Total: 92 creatures vanquished

Notes
Turn   | Place    | Note
-------+----------+-------------------------------------------
     0 | D:1      | mandarbmax the Ogre Gladiator began the quest for the Orb.
     0 | D:1      | Reached XP level 1. HP: 22/22 MP: 1/1
   129 | D:1      | Reached skill level 3 in Fighting
   367 | D:1      | Reached XP level 2. HP: 23/31 MP: 2/2
   590 | D:1      | Found Ushone's Distillery.
   734 | D:1      | Reached XP level 3. HP: 36/37 MP: 3/3
  1084 | D:2      | Found Ohai's Distillery.
  1130 | D:2      | Bought a potion of lignification for 33 gold pieces
  1130 | D:2      | Bought a potion of curing for 33 gold pieces
  1858 | D:3      | Noticed a scorpion
  1976 | D:2      | Killed a scorpion
  1977 | D:2      | Reached skill level 4 in Fighting
  1977 | D:2      | Reached skill level 1 in Evocations
  1977 | D:2      | Reached XP level 4. HP: 16/48 MP: 4/4
  2596 | D:3      | Reached XP level 5. HP: 26/54 MP: 5/5
  3485 | D:4      | Reached skill level 5 in Fighting
  3615 | D:4      | Found a hazy altar of Hepliaklqana.
  3623 | D:4      | Found an ornate altar of the Wu Jian Council.
  3623 | D:4      | Found a shadowy altar of Dithmenos.
  3623 | D:4      | Found an iron altar of Okawaru.
  3628 | D:4      | Became a worshipper of Warmaster Okawaru
  3664 | D:4      | Reached XP level 6. HP: 57/61 MP: 6/6
  4323 | D:5      | Entered Level 5 of the Dungeon
  4338 | D:5      | Noticed Menkaure
  4347 | D:5      | Killed Menkaure
  4347 | D:5      | Reached * piety under Okawaru
  4348 | D:5      | Reached skill level 6 in Fighting
  4348 | D:5      | Reached skill level 5 in Staves
  4348 | D:5      | Reached XP level 7. HP: 32/72 MP: 4/7
  4599 | D:5      | Found a staircase to the Ecumenical Temple.
  5606 | D:5      | Found a shimmering blue altar of Sif Muna.
  5665 | D:5      | Reached skill level 7 in Fighting
  5858 | D:5      | Slain by a gnoll shaman

Illustrated notes

Levels and vault maps discovered:
D:1:      dpeg_arrival_snail, layout_rooms, serial_shops,
          nicolae_shop_window_shopping
D:2:      layout_rooms, serial_shops, shop, nicolae_elevator_lobby_plus
D:3:      layout_basic, serial_co_window_serial, co_window_paths_b,
          co_window_corner_a, co_window_corner_a, co_window_paths_a,
          co_window_corner_a, co_window_2corner, co_window_of_opportunity_b,
          co_window_2corner, co_window_broadway_b, glass_columns_a,
          minmay_strange_pillars, st_stairs_2
D:4:      layout_loops_cross, minitemple, serial_bayou_crossing
D:5:      layout_layer_cave, marbit_many_paths,
          minmay_temple_entry_statues_fountains, uniq_menkaure, uniq_grinder

Skill      XL: |  1  2  3  4  5  6  7 |
---------------+----------------------+-----
Fighting       | 3 4 5 6 7 |  7.0
Dodging        | 3 |  3.0
Staves         | 4 5 |  5.7
Evocations     | 1 2 3 |  3.6
Throwing       | |  2.0

Action                   |  1- 3 |  4- 6 |  7- 9 || total
-------------------------+-------+-------+-------++-------
Melee: Quarterstaff      |   113 |    87 |    71 ||   271
Throw: Dart              |    11 |     3 |    14 ||    28
       Large rock        |     1 |    10 |    12 ||    23
       Throwing net      |       |     1 |       ||     1
Invok: Heroism           |       |       |     1 ||     1
 Abil: Evoke Invisibilit |     1 |     3 |     2 ||     6
  Use: Potion            |     3 |     4 |     3 ||    10
       Scroll            |       |       |     4 ||     4
 Stab: Invisible         |       |     1 |     3 ||     4
       Sleeping          |       |     1 |       ||     1
Armor: Robe              |    30 |    16 |    13 ||    59
       Skin              |    12 |       |       ||    12
Dodge: Dodged            |    60 |    64 |    38 ||   162

Table legend: (Time is in decaauts)
 A = Elapsed time spent in this place.
 B = Non-inter-level travel time spent in this place.
 C = Inter-level travel time spent in this place.
 D = Time resting spent in this place.
 E = Time spent auto-exploring this place.
 F = Levels seen in this place.
 G = Mean time per level.
                   A        B        C        D        E       F      G
               +--------+--------+--------+--------+--------+-----+--------+
         Total |   5907 |   5682 |    225 |   1138 |   3784 |   5 | 1181.4 |
       Dungeon |   5907 |   5682 |    225 |   1138 |   3784 |   5 | 1181.4 |
               +--------+--------+--------+--------+--------+-----+--------+

Top non-repeatable levels by time:
     D:5: 1549 daAuts
     D:2: 1258 daAuts
     D:3: 1214 daAuts
     D:1: 955 daAuts
     D:4: 928 daAuts
